[Event "Titled Tuesday Blitz December 27 Early 2022"]
[White "Gurevich, Dmitry"]
[Black "Kazancev, Valerij M"]
[WhiteFideId "2000407"]
[BlackFideId "4179609"]
[WhiteElo "2393"]
[BlackElo "2313"]
[Result "1-0"]
[Round "08"]
[TimeControl "180+2"]
[Date "2022.12.27"]
[WhiteClock "0:00:19"]
[BlackClock "0:00:16"]

1. d4 g6 2. c4 Bg7 3. e4 e6 4. Nc3 Ne7 5. h4 h6 6. Be3 a6 7. Qd2 d6 8. f3 Nd7 9. Bd3 Rb8 10. a4 a5 11. Nge2 c6 12. f4 f5 13. e5 d5 14. cxd5 exd5 15. h5 Nf8 16. hxg6 h5 17. Ng3 h4 18. Nf1 Nfxg6 19. Nh2 Bd7 20. Nf3 b5 21. axb5 cxb5 22. Ng5 b4 23. Na4 Bh6 24. Nc5 Bxg5 25. fxg5 Bb5 26. Bxb5+ Rxb5 27. Qc2 Kf7 28. Rc1 b3 29. Qd3 Rb4 30. O-O Qc8 31. Bd2 Qb8 32. Na6 Qb7 33. Bxb4 axb4 34. Rc7 Qb6 35. Qxf5+ Kg7 36. Qf7# 1-0


[Site "https://www.chess.com"]

[Event "Titled Tuesday Blitz December 27 Early 2022"]
[White "Haraguchi, Diego Sashaki"]
[Black "Delorme, Alban"]
[WhiteFideId "22729925"]
[BlackFideId "623636"]
[WhiteElo "2015"]
[BlackElo "2298"]
[Result "0-1"]
[Round "08"]
[TimeControl "180+2"]
[Date "2022.12.27"]
[WhiteClock "0:00:13"]
[BlackClock "0:00:16"]

1. e4 c5 2. Nf3 d6 3. d4 cxd4 4. Nxd4 Nf6 5. Nc3 a6 6. Bg5 e6 7. f4 Be7 8. Qd2 h6 9. Bxf6 Bxf6 10. O-O-O O-O 11. Nf3 Qa5 12. e5 dxe5 13. fxe5 Bxe5 14. Nxe5 Qxe5 15. Bd3 Nc6 16. h4 b5 17. g4 b4 18. Ne4 a5 19. g5 h5 20. Rde1 Qd4 21. Qe2 g6 22. Nf6+ Kg7 23. Rhf1 a4 24. Nxh5+ Kh8 25. Bxg6 a3 26. c3 axb2+ 27. Kb1 bxc3 28. Bxf7 Ba6 29. Qc2 Bd3 30. Re2 Bxc2+ 31. Rxc2 Rxa2 32. Rxc3 Qxc3 0-1


[Site "https://www.chess.com"]

[Event "Titled Tuesday Blitz December 27 Early 2022"]
[White "Hasangatin, Ramil"]
[Black "Xiong, Jeffery"]
[WhiteFideId "4122160"]
[BlackFideId "2047640"]
[WhiteElo "2457"]
[BlackElo "2692"]
[Result "0-1"]
[Round "08"]
[TimeControl "180+2"]
[Date "2022.12.27"]
[WhiteClock "0:00:01"]
[BlackClock "0:00:17"]

1. e4 e6 2. d4 d5 3. exd5 exd5 4. Nf3 Bd6 5. Bd3 Ne7 6. O-O Nbc6 7. c3 Bg4 8. Nbd2 Qd7 9. Re1 O-O-O 10. b4 Ng6 11. Qa4 Kb8 12. b5 Nce7 13. Ne5 Bxe5 14. dxe5 d4 15. cxd4 Qxd4 16. Qxd4 Rxd4 17. Bf1 Rhd8 18. Nb3 Rd1 19. Bb2 Rxa1 20. Bxa1 Be6 21. Nd4 Bxa2 22. g3 c5 23. bxc6 Nxc6 24. Nxc6+ bxc6 25. f4 Ne7 26. Bc3 Nd5 27. Ba5 Nb6 28. Bb4 Rd4 29. Bc5 Ra4 30. f5 Bd5 31. e6 fxe6 32. fxe6 Re4 33. Rxe4 Bxe4 34. Bg2 Bf5 35. e7 Bd7 36. Be4 g6 37. h4 Kc7 38. h5 Be8 39. h6 a5 40. Kf2 Nd7 41. Bd4 a4 42. Bb2 c5 43. Ke3 Kd6 44. Bc2 Nb6 45. Kf4 Kxe7 46. Kg5 Nc4 47. Bc1 Bf7 48. Bxa4 Nd6 0-1


[Site "https://www.chess.com"]

[Event "Titled Tuesday Blitz December 27 Early 2022"]
[White "Heinemann, Josefine"]
[Black "Graham, Nathaniel"]
[WhiteFideId "12900460"]
[BlackFideId "2007983"]
[WhiteElo "2289"]
[BlackElo "2262"]
[Result "1-0"]
[Round "08"]
[TimeControl "180+2"]
[Date "2022.12.27"]
[WhiteClock "0:00:37"]
[BlackClock "0:00:01"]

1. Nf3 d5 2. d4 c6 3. g3 Nf6 4. Bg2 Bf5 5. O-O e6 6. c4 Nbd7 7. Nc3 Bd6 8. Nd2 O-O 9. e4 Nxe4 10. Ndxe4 dxe4 11. Nxe4 Be7 12. Be3 Nf6 13. Nxf6+ Bxf6 14. Qb3 Bxd4 15. Rad1 c5 16. Qxb7 Rb8 17. Qxa7 Rxb2 18. Bxd4 cxd4 19. Rxd4 Rxa2 20. Qc5 Qc8 21. Qe5 Rc2 22. Qf4 Re8 23. Qh4 e5 24. Rd5 Rxc4 25. Qg5 f6 26. Qd2 Be6 27. Rd6 Rc2 28. Qb4 1-0


[Site "https://www.chess.com"]

[Event "Titled Tuesday Blitz December 27 Early 2022"]
[White "Hnydiuk, Aleksander"]
[Black "Avila Pavas, Santiago"]
[WhiteFideId "1109057"]
[BlackFideId "4437128"]
[WhiteElo "2363"]
[BlackElo "2522"]
[Result "0-1"]
[Round "08"]
[TimeControl "180+2"]
[Date "2022.12.27"]
[WhiteClock "0:00:02"]
[BlackClock "0:00:19"]

1. e4 Nf6 2. e5 Nd5 3. d4 d6 4. Nf3 g6 5. Bc4 Nb6 6. Bb3 Bg7 7. O-O O-O 8. Re1 Bg4 9. h3 Bxf3 10. Qxf3 Nc6 11. e6 Nxd4 12. exf7+ Kh8 13. Qxb7 d5 14. c3 Nf5 15. Be3 Nxe3 16. Rxe3 Rxf7 17. Nd2 e5 18. Ne4 Rf4 19. Rd1 d4 20. cxd4 exd4 21. Ree1 Qe7 22. Nc3 Qf8 23. Nb5 Rxf2 24. Nxc7 Rb8 25. Qe4 Rxb2 26. Ne6 Qf2+ 27. Kh1 Re8 28. Rf1 Qe3 29. Qc6 Rc8 30. Qd6 Qe4 31. Rf3 Be5 32. Qe7 Rb1 33. Rxb1 Qxb1+ 0-1


[Site "https://www.chess.com"]

[Event "Titled Tuesday Blitz December 27 Early 2022"]
[White "Iljin, Timofey"]
[Black "Devaev, Alexander"]
[WhiteFideId "14110180"]
[BlackFideId "4169395"]
[WhiteElo "2329"]
[BlackElo "2325"]
[Result "1-0"]
[Round "08"]
[TimeControl "180+2"]
[Date "2022.12.27"]
[WhiteClock "0:00:18"]
[BlackClock "0:00:02"]

1. e4 c6 2. d4 d5 3. e5 Bf5 4. h4 Qb6 5. Bd3 Bxd3 6. Qxd3 e6 7. Nf3 c5 8. c3 Nc6 9. O-O a6 10. dxc5 Bxc5 11. b4 Bf8 12. a4 Qc7 13. Re1 Nge7 14. Bf4 h5 15. Nbd2 Ng6 16. Bg3 Be7 17. Nb3 Qd8 18. b5 Na5 19. bxa6 bxa6 20. Nxa5 Qxa5 21. Nd4 Rc8 22. Nxe6 Rxc3 23. Nxg7+ Kf8 24. Ne6+ Ke8 25. Qf5 Bxh4 26. Ng7+ Kf8 27. e6 Kxg7 28. Qxf7+ Kh6 29. Bxh4 Rf8 30. Qd7 Rc7 31. Qd6 Re8 32. e7 1-0


[Site "https://www.chess.com"]

[Event "Titled Tuesday Blitz December 27 Early 2022"]
[White "Ilkhomi, Jaloliddin"]
[Black "Minko, Dmitry"]
[WhiteFideId "14700948"]
[BlackFideId "24188468"]
[WhiteElo "1997"]
[BlackElo "2247"]
[Result "0-1"]
[Round "08"]
[TimeControl "180+2"]
[Date "2022.12.27"]
[WhiteClock "0:00:03"]
[BlackClock "0:00:03"]

1. d4 d5 2. Bf4 Nf6 3. e3 e6 4. Nd2 c5 5. Ngf3 Nc6 6. c3 Nh5 7. Bg3 Nxg3 8. hxg3 Bd6 9. Bd3 h6 10. Qe2 Qc7 11. e4 cxd4 12. exd5 dxc3 13. bxc3 Ne7 14. c4 exd5 15. cxd5 O-O 16. O-O Nxd5 17. Rac1 Qd8 18. Nc4 Bb4 19. a3 Re8 20. Qc2 Bf8 21. Rfd1 Be6 22. Be4 Rc8 23. Qb1 Re7 24. Nfe5 Rec7 25. Bh7+ Kh8 26. Bf5 Bxf5 27. Qxf5 Qf6 28. Qe4 Nb6 29. Qe3 Nxc4 30. Rxc4 Rxc4 31. Nxc4 Bc5 32. Qd3 Qxf2+ 33. Kh2 Qf6 34. Nd2 Bb6 35. Ne4 Qf5 36. Nd6 Qh5# 0-1


[Site "https://www.chess.com"]

[Event "Titled Tuesday Blitz December 27 Early 2022"]
[White "Iskusnyh, Sergei"]
[Black "Goltsev, Dmitry"]
[WhiteFideId "4120027"]
[BlackFideId "24176710"]
[WhiteElo "2440"]
[BlackElo "2269"]
[Result "0-1"]
[Round "08"]
[TimeControl "180+2"]
[Date "2022.12.27"]
[WhiteClock "0:00:14"]
[BlackClock "0:01:20"]

1. d4 Nf6 2. c4 e6 3. g3 d5 4. Bg2 dxc4 5. Qa4+ c6 6. Qxc4 Nbd7 7. Nf3 Nb6 8. Qc2 Be7 9. O-O O-O 10. Rd1 h6 11. Nc3 Nbd5 12. Ne5 Bd7 13. Bd2 Rc8 14. e4 Nxc3 15. Bxc3 Be8 16. Rac1 b5 17. b4 Nd7 18. Nd3 Nb6 19. Nc5 Nc4 20. a4 a5 21. Nb7 Qc7 22. Nxa5 Nxa5 23. bxa5 b4 24. Bb2 Qxa5 25. d5 c5 26. d6 Bxa4 27. Qe2 Bxd1 28. Qxd1 Rfd8 29. e5 Bf8 30. Bf1 Qa2 31. Qc2 c4 32. Bxc4 Rxc4 33. Qxc4 Qxb2 34. Qc7 b3 35. d7 Rxd7 0-1


[Site "https://www.chess.com"]

[Event "Titled Tuesday Blitz December 27 Early 2022"]
[White "Jimenez Almeida, Luis David"]
[Black "Skvortsov, Andrei"]
[WhiteFideId "22242244"]
[BlackFideId "24108600"]
[WhiteElo "2242"]
[BlackElo "2313"]
[Result "1-0"]
[Round "08"]
[TimeControl "180+2"]
[Date "2022.12.27"]
[WhiteClock "0:00:16"]
[BlackClock "0:00:03"]

1. e4 e5 2. Nf3 Nc6 3. Bb5 a6 4. Ba4 b5 5. Bb3 Na5 6. d4 Nxb3 7. axb3 exd4 8. Qxd4 d6 9. Bg5 Ne7 10. Nc3 Bb7 11. O-O f6 12. Be3 Nc6 13. Qd2 Be7 14. Nd5 O-O 15. Rad1 Re8 16. Rfe1 Bf8 17. Bf4 Qd7 18. h3 Qf7 19. Bg3 Ne5 20. Nd4 c6 21. Ne3 Rad8 22. Ndf5 g6 23. Nh4 Bg7 24. f4 Nd7 25. Ng4 h5 26. Nf2 Nc5 27. f5 g5 28. Ng6 h4 29. Bh2 d5 30. e5 fxe5 31. Qxg5 e4 32. Ng4 Nd7 33. N6e5 Nxe5 34. Nh6+ Kf8 35. Nxf7 Nxf7 36. Qxh4 Bxb2 37. g4 e3 38. Bf4 e2 39. Rd3 Re4 40. Bh6+ Ke8 41. Bd2 c5 42. Qf2 Bd4 43. Rxd4 cxd4 44. Rxe2 Ne5 45. Bf4 Nc6 46. g5 Kd7 47. f6 Rde8 48. Rd2 Ke6 49. Bg3 Kf7 50. Qf5 Bc8 51. Qxd5+ R4e6 52. h4 Rd8 53. Qf3 Kg6 54. Bf4 Re1+ 55. Kf2 Re6 56. h5+ Kf7 57. Bg3 Rde8 58. g6+ Kf8 59. f7 R8e7 60. Bf4 Rf6 61. Bh6# 1-0


[Site "https://www.chess.com"]

[Event "Titled Tuesday Blitz December 27 Early 2022"]
[White "Jobava, Baadur"]
[Black "Vakhlamov, Igor L."]
[WhiteFideId "13601520"]
[BlackFideId "24126748"]
[WhiteElo "2578"]
[BlackElo "2413"]
[Result "1-0"]
[Round "08"]
[TimeControl "180+2"]
[Date "2022.12.27"]
[WhiteClock "0:00:16"]
[BlackClock "0:00:06"]

1. b3 e5 2. Bb2 Nc6 3. Nf3 e4 4. Nd4 Nxd4 5. Bxd4 Nf6 6. e3 Be7 7. c4 O-O 8. Nc3 Re8 9. Be2 c5 10. Bxf6 Bxf6 11. Rc1 Bxc3 12. dxc3 d6 13. Rc2 Be6 14. O-O Qe7 15. Rd2 Rad8 16. Qc2 f5 17. Rfd1 Rd7 18. a4 Red8 19. a5 g6 20. g3 Kg7 21. b4 b6 22. Qa4 d5 23. cxd5 Rxd5 24. Rxd5 Rxd5 25. Rxd5 Bxd5 26. c4 Bf7 27. axb6 axb6 28. b5 Qf6 29. Kg2 Qd6 30. Qa1+ Qf6 31. Qa7 Qd6 32. h4 h5 33. Qb7 Kf6 34. Qa8 Kg7 35. Qc8 Qf6 36. Qc7 Kf8 37. Qf4 Kg7 38. Qc7 Kf8 39. f3 exf3+ 40. Kxf3 Bg8 41. Kf4 Bf7 42. Qb8+ Kg7 43. Qc7 Kf8 44. Bd3 Kg7 45. Qe5 Be6 46. Bf1 Bf7 47. Be2 Be6 48. Bd3 Bf7 49. e4 fxe4+ 50. Kxe4 Be6 51. Qc7+ Bf7 52. Qe5 Be6 53. Be2 Bf5+ 54. Kd5 g5 55. hxg5 Qxe5+ 56. Kxe5 Kg6 57. Kf4 Be6 58. Bd3+ Kg7 59. Ke5 Bf7 60. Kd6 Bg6 61. Be2 Bf7 62. Kc7 Kg6 63. Kxb6 Bxc4 64. Bxc4 h4 65. gxh4 1-0


[Site "https://www.chess.com"]

[Event "Titled Tuesday Blitz December 27 Early 2022"]
[White "Kahlert, Thomas"]
[Black "Oro, Faustino"]
[WhiteFideId "4625242"]
[BlackFideId "20000197"]
[WhiteElo "2144"]
[BlackElo "2269"]
[Result "0-1"]
[Round "08"]
[TimeControl "180+2"]
[Date "2022.12.27"]
[WhiteClock "0:02:10"]
[BlackClock "0:00:07"]

1. c4 e6 2. Nf3 Nf6 3. d4 Be7 4. Nc3 O-O 5. e4 d6 6. Be2 Nbd7 7. O-O e5 8. Be3 exd4 9. Nxd4 Re8 10. Qc2 Bf8 11. Rad1 c6 12. f3 d5 13. Bg5 dxe4 14. Nxe4 Be7 15. Nf5 Qb6+ 16. Be3 Qa5 17. Nxe7+ Rxe7 18. Bd2 Qc7 19. Bc3 Nxe4 20. fxe4 Ne5 21. Qd2 Be6 22. Qd6 Qxd6 23. Rxd6 Bxc4 24. Rfd1 Bxe2 25. Rd8+ Re8 26. Rxa8 Rxa8 27. Bxe5 Bxd1 0-1


[Site "https://www.chess.com"]

[Event "Titled Tuesday Blitz December 27 Early 2022"]
[White "Kilic, Eray"]
[Black "Chigaev, Maksim"]
[WhiteFideId "44517173"]
[BlackFideId "4108116"]
[WhiteElo "2414"]
[BlackElo "2628"]
[Result "1/2-1/2"]
[Round "08"]
[TimeControl "180+2"]
[Date "2022.12.27"]
[WhiteClock "0:00:15"]
[BlackClock "0:00:13"]

1. e4 c5 2. Nf3 e6 3. d4 cxd4 4. Nxd4 Nf6 5. Nc3 Nc6 6. Ndb5 Bb4 7. a3 Bxc3+ 8. Nxc3 d5 9. exd5 exd5 10. Bd3 O-O 11. O-O Bg4 12. f3 Bh5 13. Bg5 Qb6+ 14. Kh1 Ne4 15. Nxe4 dxe4 16. Bxe4 Qxb2 17. Rb1 Qxa3 18. Rxb7 Rac8 19. Bxc6 Rxc6 20. Be7 Qa6 21. Rxa7 Qxa7 22. Bxf8 Qc7 23. Ba3 h6 24. c4 Rxc4 25. Bd6 Qc6 26. Bg3 Bg6 27. Re1 Kh7 28. h3 Rc2 29. Kh2 Qc4 30. Rg1 Bd3 31. Qe1 Be2 32. Qf2 Qd3 33. Kh1 Qg6 34. Bf4 Bd3 35. Qg3 Qxg3 36. Bxg3 g5 37. Re1 f5 38. Be5 f4 39. Kg1 Kg6 40. Bd4 Be2 41. Kf2 Bc4+ 42. Kg1 Rd2 43. Bc3 Rd3 44. Bb2 Bd5 45. Be5 h5 46. Bb2 g4 47. hxg4 hxg4 48. Be5 Kf5 49. fxg4+ Kxg4 50. Re2 Kg3 51. Rf2 Rd1+ 52. Rf1 Rxf1+ 53. Kxf1 Bxg2+ 54. Kg1 Kf3 55. Bxf4 1/2-1/2


[Site "https://www.chess.com"]

[Event "Titled Tuesday Blitz December 27 Early 2022"]
[White "Koutlas, Nikolaos"]
[Black "Albertini, Luca"]
[WhiteFideId "25827138"]
[BlackFideId "847038"]
[WhiteElo "2341"]
[BlackElo "2084"]
[Result "1/2-1/2"]
[Round "08"]
[TimeControl "180+2"]
[Date "2022.12.27"]
[WhiteClock "0:00:09"]
[BlackClock "0:00:17"]

1. e4 d6 2. d4 Nf6 3. Nc3 g6 4. f4 Bg7 5. Nf3 O-O 6. Bd3 Nc6 7. d5 Nb8 8. O-O Bg4 9. h3 Bxf3 10. Qxf3 Nbd7 11. Be3 c6 12. dxc6 bxc6 13. Rad1 e5 14. Bc4 Qc7 15. f5 Nb6 16. Bb3 d5 17. exd5 cxd5 18. Bg5 e4 19. Qf2 Qe5 20. Bxf6 Qxf6 21. fxg6 Qxf2+ 22. Rxf2 hxg6 23. Nxd5 Bxb2 24. Nf6+ Bxf6 25. Rxf6 Kg7 26. Rc6 e3 27. Re1 f5 28. Rxe3 Rae8 29. Rc7+ Kf6 30. Rec3 Re1+ 31. Kf2 Rfe8 32. Rxa7 R8e2+ 33. Kg3 Rg1 34. Rc6+ Kg5 35. h4+ Kh6 36. Rxb6 Rgxg2+ 37. Kh3 Rh2+ 38. Kg3 Rhg2+ 39. Kf3 Rgf2+ 40. Kg3 Rg2+ 1/2-1/2


[Site "https://www.chess.com"]

[Event "Titled Tuesday Blitz December 27 Early 2022"]
[White "Kvaloy, Aksel Bu"]
[Black "Fernandez Garcia, Gumersindo"]
[WhiteFideId "1528815"]
[BlackFideId "24516740"]
[WhiteElo "2321"]
[BlackElo "2160"]
[Result "0-1"]
[Round "08"]
[TimeControl "180+2"]
[Date "2022.12.27"]
[WhiteClock "0:01:49"]
[BlackClock "0:01:18"]

1. d4 Nf6 2. c4 g6 3. g3 Bg7 4. Nf3 O-O 5. Bg2 d6 6. O-O Nbd7 7. Nc3 e5 8. dxe5 dxe5 9. b3 Re8 10. Bb2 c6 11. Nd2 Qc7 12. Nde4 Nxe4 13. Nxe4 f5 14. Nc3 Nc5 15. b4 Na6 16. a3 Be6 17. c5 Rad8 18. Qc2 Nb8 19. Rfd1 Rxd1+ 20. Rxd1 Rd8 21. Rxd8+ Qxd8 22. e3 Bf6 23. Bf1 Kg7 24. h4 a5 25. Nb1 axb4 26. axb4 Na6 27. Bc3 Nc7 28. Nd2 Nd5 29. Bc4 f4 30. exf4 exf4 31. Bxf6+ Qxf6 32. Ne4 Qa1+ 33. Kg2 fxg3 34. fxg3 Ne3+ 0-1


[Site "https://www.chess.com"]

[Event "Titled Tuesday Blitz December 27 Early 2022"]
[White "Legenia, Artem"]
[Black "Sharifov, Mekhriddin"]
[WhiteFideId "14136945"]
[BlackFideId "14701545"]
[WhiteElo "2092"]
[BlackElo "2209"]
[Result "0-1"]
[Round "08"]
[TimeControl "180+2"]
[Date "2022.12.27"]
[WhiteClock "0:01:12"]
[BlackClock "0:01:09"]

1. d4 Nf6 2. Nf3 b5 3. g3 Bb7 4. Bg2 e6 5. O-O c5 6. dxc5 Bxc5 7. a4 b4 8. b3 O-O 9. Bb2 Nc6 10. Nbd2 d5 11. e3 Rc8 12. Ne5 Qe7 13. Nxc6 Rxc6 14. Nf3 Rfc8 15. c3 Ne4 16. cxb4 Bxb4 17. Ne5 Rc2 18. Bxe4 Rxb2 19. Bg2 Ba6 20. Rc1 Qe8 21. Qg4 Bxf1 22. Rxc8 Qxc8 23. Bxf1 Bd6 24. Qd4 Bxe5 25. Qxe5 Rxb3 26. Kg2 g6 27. e4 dxe4 28. Qxe4 Qb7 29. Qxb7 Rxb7 0-1


[Site "https://www.chess.com"]

[Event "Titled Tuesday Blitz December 27 Early 2022"]
[White "Lehtosaari, Mauri"]
[Black "Quinones Garcia, Santiago"]
[WhiteFideId "501999"]
[BlackFideId "4408497"]
[WhiteElo "2176"]
[BlackElo "2248"]
[Result "0-1"]
[Round "08"]
[TimeControl "180+2"]
[Date "2022.12.27"]
[WhiteClock "0:00:08"]
[BlackClock "0:00:14"]

1. Nf3 d5 2. c4 c6 3. e3 Nf6 4. Nc3 Bg4 5. cxd5 cxd5 6. Qb3 Bc8 7. d4 e6 8. Ne5 a6 9. Bd2 Bd6 10. Bd3 O-O 11. O-O Nc6 12. f4 Qe7 13. Be1 Nd7 14. Qc2 g6 15. a3 f6 16. Nxc6 bxc6 17. Bh4 c5 18. Rae1 c4 19. Be2 Bb7 20. Bg4 Qf7 21. Bh3 f5 22. g3 Bc6 23. Bg2 Rab8 24. Bf3 Rb7 25. Re2 Rfb8 26. Qc1 Rb3 27. Rg2 Be7 28. Bxe7 Qxe7 29. g4 Nf6 30. gxf5 exf5 31. h4 Kh8 32. Bd1 R3b7 33. Bf3 Rb3 34. Bd1 R3b6 35. Bf3 Qb7 36. Rff2 Qe7 37. Rh2 Re8 38. Re2 h5 39. Nd1 Rb3 40. Nc3 Qf7 41. Reg2 Ng4 42. Bxg4 fxg4 43. Rg3 Re7 44. Rf2 Bd7 45. Nd1 Bf5 46. Nc3 Reb7 47. Rgg2 R7b6 48. Qe1 Qb7 49. Rd2 Rxb2 50. Rxb2 Rxb2 51. Rxb2 Qxb2 52. Nxd5 Be4 53. Qf2 Qxf2+ 54. Kxf2 Bxd5 55. Ke2 Kg7 56. Kd2 g3 57. Kc3 g2 0-1


[Site "https://www.chess.com"]

[Event "Titled Tuesday Blitz December 27 Early 2022"]
[White "Liyanage, Ranindu Dilshan"]
[Black "Mikhailovsky, Vladimir"]
[WhiteFideId "9915834"]
[BlackFideId "34105414"]
[WhiteElo "2342"]
[BlackElo "2215"]
[Result "0-1"]
[Round "08"]
[TimeControl "180+2"]
[Date "2022.12.27"]
[WhiteClock "0:00:17"]
[BlackClock "0:00:14"]

1. e4 Nf6 2. e5 Nd5 3. d4 d6 4. Nf3 dxe5 5. Nxe5 c6 6. Be2 Bf5 7. O-O Nd7 8. a3 Nxe5 9. dxe5 Qc7 10. f4 Qb6+ 11. Kh1 Ne3 12. Bxe3 Qxe3 13. Nc3 Rd8 14. Qc1 Qxc1 15. Raxc1 Rd2 16. Rfd1 Rxc2 17. Rxc2 Bxc2 18. Rd2 Bb3 19. Nb5 e6 20. Nxa7 Bd5 21. b4 Kd8 22. a4 Kc7 23. Rb2 Kb8 24. b5 Kxa7 25. b6+ Kb8 26. a5 Bc5 27. a6 bxa6 28. Bxa6 Rd8 0-1


[Site "https://www.chess.com"]

[Event "Titled Tuesday Blitz December 27 Early 2022"]
[White "Ljukin, Sergei"]
[Black "Ezat, Mohamed"]
[WhiteFideId "14102200"]
[BlackFideId "10600906"]
[WhiteElo "2362"]
[BlackElo "2402"]
[Result "1-0"]
[Round "08"]
[TimeControl "180+2"]
[Date "2022.12.27"]
[WhiteClock "0:00:10"]
[BlackClock "0:00:17"]

1. e4 Nf6 2. e5 Nd5 3. c4 Nb6 4. d4 d6 5. f4 h5 6. Be2 g6 7. Nf3 Bg4 8. O-O e6 9. Nc3 dxe5 10. fxe5 Be7 11. h3 Bxf3 12. Bxf3 Nc6 13. c5 Nd5 14. Bxd5 exd5 15. Be3 Bg5 16. Qf3 O-O 17. Bf2 Bh4 18. Rad1 Bxf2+ 19. Rxf2 Ne7 20. Rd3 c6 21. Qf6 Kh7 22. Rg3 Ng8 23. Qf4 Nh6 24. Nd1 f5 25. Nc3 Qe7 26. Ne2 Rg8 27. Qd2 Raf8 28. Nf4 h4 29. Rgf3 g5 30. Nh5 f4 31. Nf6+ Rxf6 32. exf6 Qxf6 33. Qd3+ Nf5 34. Re2 Kh6 35. Re5 Kg7 36. b4 a5 37. Rxf5 Qg6 38. Re5 Qxd3 39. Rxd3 axb4 40. Rb3 Ra8 41. Rxb4 Rxa2 42. Rxb7+ Kf6 43. Rc7 Ra6 44. Rd7 Ra1+ 45. Kh2 Rd1 46. Rd6+ Kf7 47. Rxc6 Rxd4 48. Rd6 f3 49. gxf3 Rd2+ 50. Kg1 Rc2 51. Rexd5 Rc1+ 52. Kf2 Rc2+ 53. Ke3 Rh2 54. c6 Rc2 55. Ke4 Rc3 56. Rd3 Rc4+ 57. Kf5 Rc5+ 58. Kg4 Ke7 59. Rd7+ Ke6 60. c7 Ke5 61. R3d5+ Rxd5 62. Rxd5+ Kf6 63. c8=Q Ke7 64. Qa6 Kf7 65. Rb5 Ke8 66. Rb7 1-0


[Site "https://www.chess.com"]

[Event "Titled Tuesday Blitz December 27 Early 2022"]
[White "Magallanes, Rey Jomar"]
[Black "Matveeva, Olga"]
[WhiteFideId "5205948"]
[BlackFideId "24107018"]
[WhiteElo "2052"]
[BlackElo "2128"]
[Result "1/2-1/2"]
[Round "08"]
[TimeControl "180+2"]
[Date "2022.12.27"]
[WhiteClock "0:00:14"]
[BlackClock "0:00:14"]

1. e4 e6 2. d4 d5 3. e5 c5 4. c3 Nc6 5. Nf3 Qb6 6. a3 Nh6 7. b4 cxd4 8. cxd4 Nf5 9. Be3 f6 10. Bd3 Nxe3 11. fxe3 fxe5 12. Nxe5 Nxe5 13. Qh5+ Kd8 14. Qxe5 Qd6 15. Qg5+ Qe7 16. Qg3 Bd7 17. O-O Rc8 18. Nd2 Qd6 19. Qg5+ Be7 20. Qxg7 Kc7 21. Rac1+ Kb8 22. Qe5 Qxe5 23. dxe5 Bg5 24. Rce1 d4 25. Nc4 dxe3 26. Nxe3 Rc3 27. h4 Bxh4 28. Rd1 Bc6 29. b5 Rxd3 30. Rxd3 Bxb5 31. Rd4 Bxf1 32. Rxh4 Bd3 33. Rd4 Bg6 34. Rd6 Rc8 35. Rxe6 Rc3 36. Nd5 Rxa3 37. Rd6 Kc8 38. e6 Ra6 39. Ne7+ Kc7 40. Rd7+ Kb6 41. Nc8+ Ka5 42. e7 Re6 43. Nd6 b5 44. Rxa7+ Kb4 45. Rd7 Ka4 46. Ra7+ Kb4 47. Rd7 Ka4 48. Ra7+ Kb4 1/2-1/2


[Site "https://www.chess.com"]

[Event "Titled Tuesday Blitz December 27 Early 2022"]
[White "Mahdavi, Reza"]
[Black "Gabdrakhmanov, Azat"]
[WhiteFideId "12595926"]
[BlackFideId "34189197"]
[WhiteElo "2339"]
[BlackElo "2316"]
[Result "1-0"]
[Round "08"]
[TimeControl "180+2"]
[Date "2022.12.27"]
[WhiteClock "0:01:01"]
[BlackClock "0:00:06"]

1. e4 c5 2. Nf3 e6 3. c3 d5 4. exd5 Qxd5 5. d4 Nf6 6. Na3 a6 7. Nc4 Nbd7 8. Ne3 Qd6 9. Bd3 Be7 10. O-O O-O 11. Qe2 cxd4 12. Nxd4 Qc7 13. a4 b6 14. Bd2 Bb7 15. Rad1 Rfe8 16. Rfe1 Bd6 17. Nf1 g6 18. b4 e5 19. Nb3 e4 20. Bb1 Ne5 21. Ng3 h5 22. Bg5 Nh7 23. Be3 Ng4 24. a5 Nxh2 25. axb6 Qb8 26. Kxh2 h4 27. Rf1 hxg3+ 28. fxg3 Bxg3+ 29. Kg1 Re5 30. Bf4 Bxf4 31. Rxf4 Rh5 32. Rdf1 Ng5 33. Nd4 Qe5 34. Ba2 Rf8 35. Qg4 Kg7 36. Nf5+ Kh7 37. Ng3 Rh6 38. Bxf7 Kg7 39. Bc4 Rxf4 40. Qxf4 Qxf4 41. Rxf4 e3 42. Nf1 Nh3+ 43. gxh3 Rxh3 44. Rf7+ Kh6 45. Rxb7 Rh4 46. Nxe3 1-0


[Site "https://www.chess.com"]

[Event "Titled Tuesday Blitz December 27 Early 2022"]
[White "Makhmudov, Shukhrat"]
[Black "Kabanov, Nikolai"]
[WhiteFideId "14200775"]
[BlackFideId "4127820"]
[WhiteElo "2115"]
[BlackElo "2429"]
[Result "0-1"]
[Round "08"]
[TimeControl "180+2"]
[Date "2022.12.27"]
[WhiteClock "0:00:29"]
[BlackClock "0:00:58"]

1. e4 c6 2. d4 d5 3. Nc3 dxe4 4. Nxe4 Nf6 5. Nxf6+ exf6 6. c3 Bd6 7. Bd3 Na6 8. Ne2 Nc7 9. Bf4 Nd5 10. Bxd6 Qxd6 11. Ng3 O-O 12. O-O g6 13. Qf3 f5 14. Rfe1 Be6 15. a3 b5 16. Re5 a5 17. Rae1 b4 18. c4 Nf6 19. axb4 axb4 20. Qf4 Rfd8 21. Qg5 Ng4 22. Nh5 Qxd4 23. Nf6+ Nxf6 24. Qxf6 Qxb2 25. Bxf5 Bxf5 26. Re8+ Rxe8 0-1


[Site "https://www.chess.com"]

[Event "Titled Tuesday Blitz December 27 Early 2022"]
[White "Manon-og, Ramon Jr."]
[Black "Larina, Maria"]
[WhiteFideId "5200776"]
[BlackFideId "24113182"]
[WhiteElo "1999"]
[BlackElo "1948"]
[Result "1-0"]
[Round "08"]
[TimeControl "180+2"]
[Date "2022.12.27"]
[WhiteClock "0:01:56"]
[BlackClock "0:00:02"]

1. e4 c6 2. d4 d5 3. e5 c5 4. dxc5 Nc6 5. Nf3 Bg4 6. Be2 e6 7. Be3 Bxf3 8. Bxf3 Nxe5 9. Be2 Nf6 10. c3 Nc6 11. O-O Be7 12. b4 a6 13. a4 O-O 14. Nd2 e5 15. Nf3 Ng4 16. Bd2 e4 17. Nd4 Nge5 18. h3 Qd7 19. Bf4 g5 20. Bg3 f5 21. b5 Nxd4 22. cxd4 Ng6 23. f4 exf3 24. Bxf3 f4 25. Bf2 Bf6 26. Re1 axb5 27. axb5 Rxa1 28. Qxa1 Qxb5 29. Bxd5+ Kg7 30. Qa7 Rd8 31. Qxb7+ Qxb7 32. Bxb7 Bxd4 33. c6 Bxf2+ 34. Kxf2 Rd2+ 35. Re2 Rxe2+ 36. Kxe2 Ne7 37. c7 Kf6 38. c8=Q Nxc8 39. Bxc8 h5 40. Kf3 Kg6 41. Bb7 Kh6 42. Be4 h4 43. Kg4 Kg7 44. Kxg5 1-0


[Site "https://www.chess.com"]

[Event "Titled Tuesday Blitz December 27 Early 2022"]
[White "Marin Ramirez, Gerardo"]
[Black "Guha, Eshan"]
[WhiteFideId "3901068"]
[BlackFideId "30958628"]
[WhiteElo "2127"]
[BlackElo "2071"]
[Result "0-1"]
[Round "08"]
[TimeControl "180+2"]
[Date "2022.12.27"]
[WhiteClock "0:00:02"]
[BlackClock "0:00:31"]

1. d4 Nf6 2. Nf3 e6 3. g3 d5 4. Bg2 Be7 5. c4 O-O 6. Nc3 dxc4 7. Qa4 Bd7 8. Qxc4 Bc6 9. O-O Nbd7 10. Rd1 Ne4 11. Qd3 Ndf6 12. Ne5 Nxc3 13. Nxc6 Nxe2+ 14. Qxe2 bxc6 15. Bxc6 Rb8 16. Bg2 Nd5 17. h4 Bf6 18. Qc2 Qd6 19. a3 Rfc8 20. b4 a5 21. bxa5 c5 22. Bb2 cxd4 23. Qd2 e5 24. Rac1 Rc5 25. Rxc5 Qxc5 26. Rc1 Qb5 27. Ba1 h6 28. Qc2 Ne7 29. Qc7 Rc8 30. Qxc8+ Nxc8 31. Rxc8+ Kh7 32. Be4+ g6 33. Ra8 d3 0-1


[Site "https://www.chess.com"]